 Dungeon Crawl Stone Soup version 0.22-a0-271-gc000056 (webtiles) character file.

210 Ijustatesigmund the Chopper (level 5, -3/48 HPs)
             Began as a Hill Orc Fighter on Mar 10, 2018.
             Killed by divine providence
             ... invoked by an orc priest
              (16 damage)
             ... on level 3 of the Dungeon.
             The game lasted 00:05:50 (2237 turns).

Ijustatesigmund the Chopper (Hill Orc Fighter)      Turns: 2237, Time: 00:05:52

Health: -3/48      AC:  9    Str: 18 (19) XL:     5   Next: 87%
Magic:  5/5        EV:  7    Int:  8 (9)  God:
Gold:   152        SH:  9    Dex: 11 (13) Spells: 4/4 levels left

rFire    . . .     SeeInvis .   a - +0 war axe
rCold    . . .     Gourm    .   c - +0 shield
rNeg     . . .     Faith    .   b - +0 scale mail
rPois    .         Spirit   .   (no helmet)
rElec    .         Reflect  .   g - +1 cloak
rCorr    .         Harm     .   (no gloves)
MR       .....                  (no boots)
Stlth    ..........             (no amulet)
HPRegen  0.16/turn              h - +3 ring of dexterity
MPRegen  0.09/turn              (no ring)

@: flying
A: no striking features
a: Convert to Beogh


You were on level 3 of the Dungeon.
You were not hungry.

You visited 1 branch of the dungeon, and saw 3 of its levels.

You collected 152 gold pieces.

Inventory:

Hand Weapons
 a - a +0 war axe (weapon)
Armour
 b - a +0 scale mail (worn)
 c - a +0 shield (worn)
 g - a +1 cloak (worn)
Jewellery
 h - a +3 ring of dexterity (left hand)
Scrolls
 d - a scroll of magic mapping
 e - a scroll of remove curse
Potions
 i - a potion of flight
 m - a potion of brilliance
Comestibles
 f - 4 rations
 j - 3 chunks of flesh


   Skills:
 + Level 5.2 Fighting
 * Level 6.5 Axes
 - Level 3.2 Armour
 - Level 3.2 Shields


You had 4 spell levels left.
You didn't know any spells.

Dungeon Overview and Level Annotations

Branches:
Dungeon (3/15)

Altars:

Annotations:
D:2 Sigmund


Message History

You closely miss the orc wizard. You closely miss the orc. x2
You slash the orc!
You kill the orc!
The orc priest invokes the aid of Beogh against you.
Beogh smites you!
The orc wizard gestures at you while chanting.
The magic dart hits you!
* * * LOW HITPOINT WARNING * * *
The gnoll hits you from afar with a spear.
* * * LOW HITPOINT WARNING * * *
You block the orc's attack. x2; You block the orc priest's attack.
The orc wizard hits you but does no damage.
The orc barely misses you.
As you read the scroll of fog, it crumbles to dust.
The scroll dissolves into smoke.
You block the gnoll's attack. The orc barely misses you.
The orc hits you but does no damage. The kobold barely misses you.
The orc priest calls down the wrath of Beogh upon you.
Beogh smites you!
You die...

# #.......# #
#######.# [. #.#
##g# ##.## ...
#...#### #o##
#.....##...##...##
#.....#.!.§.lg...#..
#.....#...§ooo(.$...
#.....#...§K@o§..#
#.....##...##o..##
###.#.....## §..#
###...# ..... #...?
...%... #.#!#
.....## #.#. ...###
! ....


You could see 2 orc priests, an orc wizard, 2 gnolls, 3 orcs, a leopard gecko
and a kobold.

Vanquished Creatures
  Crazy Yiuf (D:2)
  Natasha (thrice) (D:2)
  2 adders (D:3)
  6 dart slugs
  2 leopard geckos (D:2)
  5 orcs (D:3)
  11 bats
  4 giant cockroaches
  3 goblins (D:1)
  8 hobgoblins
  7 jackals
  7 kobolds
  6 frilled lizards
  8 rats
73 creatures vanquished.

Notes
Turn   | Place    | Note
-------+----------+-------------------------------------------
     0 | D:1      | Ijustatesigmund the Hill Orc Fighter began the quest for the Orb.
     0 | D:1      | Reached XP level 1. HP: 19/19 MP: 1/1
   103 | D:1      | Reached skill level 3 in Axes
   151 | D:1      | Reached XP level 2. HP: 26/27 MP: 2/2
   315 | D:1      | Reached skill level 4 in Axes
   320 | D:1      | Reached XP level 3. HP: 32/33 MP: 3/3
   841 | D:2      | Found a runed door.
   879 | D:2      | Noticed Natasha
   891 | D:2      | Reached XP level 4. HP: 25/41 MP: 4/4
   891 | D:2      | Killed Natasha
   891 | D:2      | Reached skill level 5 in Axes
   901 | D:2      | Noticed Natasha
   916 | D:2      | Killed Natasha
  1160 | D:2      | Noticed Crazy Yiuf
  1167 | D:2      | Killed Crazy Yiuf
  1167 | D:2      | Reached XP level 5. HP: 20/47 MP: 5/5
  1535 | D:2      | Noticed Natasha
  1545 | D:2      | Killed Natasha
  1545 | D:2      | Reached skill level 5 in Fighting
  1545 | D:2      | Reached skill level 6 in Axes
  1626 | D:2      | Noticed Sigmund
  2237 | D:3      | Killed from afar by an orc priest

Vault maps used:
D:1:      minmay_arrival_open_corners, minmay_hexomino_p4
D:2:      kennysheep_jessica_study, uniq_sigmund, uniq_natasha,
          uniq_crazy_yiuf_cottage
D:3:      kennysheep_small_spiral

Skill      XL: |  1  2  3  4  5 |
---------------+----------------+-----
Axes           | 3 4 5 6 |  6.5
Fighting       | 4 5 |  5.2
Armour         | |  3.2
Shields        | |  3.2

Action                   |  1- 3 |  4- 6 || total
-------------------------+-------+-------++-------
Melee: War axe           |   127 |    87 ||   214
  Use: Scroll            |    10 |     4 ||    14
       Potion            |     1 |     5 ||     6
  Eat: Chunk             |       |     3 ||     3
       Ration            |       |     1 ||     1
Armor: Scale mail        |    57 |    69 ||   126
Dodge: Dodged            |    51 |    38 ||    89
Block: Shield            |    86 |    44 ||   130

Table legend:
 A = Spawn XP
 B = Non-spawn XP
 C = Spawn XP percentage of total XP
 D = Spawn monster count
 E = Non-spawn monster count
 F = Spawn count percentage of total count
 G = Total turns spent on level
                    A         B        C        D         E        F      G
               +---------+---------+-------+---------+---------+-------+---------
         Total |       0 |     300 |   0.0 |       0 |      73 |   0.0 |  2237
               +---------+---------+-------+---------+---------+-------+---------
           D:1 |       0 |      54 |   0.0 |       0 |      30 |   0.0 |   910
           D:2 |       0 |     196 |   0.0 |       0 |      31 |   0.0 |  1090
           D:3 |       0 |      50 |   0.0 |       0 |      12 |   0.0 |   237
               +---------+---------+-------+---------+---------+-------+---------
